 Dungeon Crawl Stone Soup version 0.20.1-1-g8b1a95d (webtiles) character file.

1509 mrlamo the Skirmisher (level 9, -2/62 HPs)
             Began as a Halfling Fighter on Nov 10, 2017.
             Was a Follower of Okawaru.
             Slain by vuolankoinen's ghost (7 damage)
             ... in a sewer.
             The game lasted 00:41:07 (4096 turns).

mrlamo the Skirmisher (Halfling Fighter)            Turns: 4096, Time: 00:41:08

Health: -2/62      AC: 10    Str: 33    XL:     9   Next: 9%
Magic:  9/11       EV: 18    Int:  6    God:    Okawaru [*.....]
Gold:   215        SH:  9    Dex: 12    Spells: 8/8 levels left

rFire    . . .     SeeInvis .   N - +1 falchion of Objectivity {slice, rElec Str+4 Dex-3}
rCold    . . .     Gourm    .   s - +2 buckler
rNeg     . . .     Faith    .   b - +0 scale mail
rPois    +         Spirit   .   o - +0 helmet
rElec    +         Reflect  .   (no cloak)
rCorr    .         Harm     .   (no gloves)
MR       .....                  (no boots)
Stlth    +.........             S - amulet of regeneration
Regen    0.6/turn               e - +5 ring of strength
MPRegen  0.2/turn               L - ring of poison resistance

@: mighty, heroism
A: mutation resistance 1
a: Heroism, Renounce Religion


You were in a sewer.
You worshipped Okawaru.
Okawaru was aware of your devotion.
You were not hungry.

You visited 2 branches of the dungeon, and saw 7 of its levels.
You also visited: Sewer.

You collected 215 gold pieces.

Inventory:

Hand Weapons
 a - a +0 long sword
 h - a +0 dagger
 n - a +2 dagger of venom
 x - a cursed +0 hunting sling
 D - a +4 quarterstaff of chaos
 F - a +0 mace
 K - a +0 glaive
 N - the +1 falchion of Objectivity (weapon) {slice, rElec Str+4 Dex-3}
   (You found it on level 5 of the Dungeon)

   It inflicts extra damage upon your enemies.
   It affects your strength (+4).
   It affects your dexterity (-3).
   It insulates you from electricity.
 R - a cursed -1 falchion
Missiles
 k - 84 arrows
 C - 5 needles of confusion (quivered)
 J - 40 bolts
Armour
 b - a +0 scale mail (worn)
 c - a +0 shield
 o - a +0 helmet (worn)
 s - a +2 buckler (worn)
 t - a +0 helmet
 E - a +0 cloak
Jewellery
 e - a +5 ring of strength (left hand)
 L - a ring of poison resistance (right hand)
 S - an amulet of regeneration (around neck)
Wands
 T - a wand of lightning (13/15)
Scrolls
 g - a scroll of enchant weapon {unknown}
 j - 2 scrolls of enchant armour {unknown}
 m - 2 scrolls of recharging {unknown}
 v - a scroll of magic mapping {unknown}
 A - 3 scrolls of remove curse {unknown}
 G - a scroll of noise {unknown}
 I - a scroll of teleportation {unknown}
 O - a scroll of amnesia {unknown}
 Q - a scroll of identify {unknown}
Potions
 i - 3 potions of curing {unknown}
 q - 2 potions of haste {unknown}
 u - 3 potions of lignification {unknown}
 z - 3 potions of ambrosia {unknown}
 B - 2 potions of brilliance {unknown}
 H - a potion of berserk rage {unknown}
 M - a potion of resistance {unknown}
 P - a potion of mutation {unknown}
Books
 w - a book of Conjurations

   Spells                             Type                      Level
   a - Magic Dart                     Conjuration                  1
   b - Searing Ray                    Conjuration                  2
   c - Dazzling Spray                 Conjuration/Hexes            3
   d - Fulminant Prism                Conjuration/Hexes            4
   e - Force Lance                    Conjuration/Translocation    4
   f - Iskenderun's Mystic Blast      Conjuration                  4
 y - a book of Changes

   Spells                             Type                      Level
   a - Beastly Appendage              Transmutation                1
   b - Sticks to Snakes               Transmutation                2
   c - Spider Form                    Transmutation/Poison         3
   d - Ice Form                       Ice/Transmutation            4
   e - Blade Hands                    Transmutation                5
Comestibles
 f - 3 bread rations
 l - 5 royal jellies
 p - 3 meat rations
 r - 5 fruits


   Skills:
 * Level 6.0(11.0) Fighting
 - Level 3.6(9.6) Short Blades
 * Level 3.5(9.1) Long Blades
 + Level 5.5(10.5) Armour
 + Level 4.0(9.0) Dodging
 + Level 5.5(10.5) Shields
 + Level 2.9 Invocations


You had 8 spell levels left.
You didn't know any spells.

Dungeon Overview and Level Annotations

Branches:
Dungeon (6/15)             Temple (1/1) D:4

Altars:
Ashenzari
Elyvilon
Kikubaaqudgha
Nemelex Xobeh
Okawaru
Ru
Uskayaw
Yredelemnul
Zin
The Shining One

Shops:
D:4 %

Annotations:
Sewer vuolankoinen's ghost, amateur FeTm


Innate Abilities, Weirdness & Mutations

You are small and have problems with some larger weapons.
You are somewhat resistant to further mutation.


Message History

You closely miss vuolankoinen's ghost.
Vuolankoinen's ghost is heavily damaged.
You block vuolankoinen's ghost's attack.
You gain the combat prowess of a mighty hero.
Vuolankoinen's ghost hits you!
* * * LOW HITPOINT WARNING * * *
You miss vuolankoinen's ghost.
Vuolankoinen's ghost is heavily damaged.
Vuolankoinen's ghost hits you!
* * * LOW HITPOINT WARNING * * *
You miss vuolankoinen's ghost.
Vuolankoinen's ghost is heavily damaged.
Vuolankoinen's ghost hits you.
* * * LOW HITPOINT WARNING * * *
You feel very mighty all of a sudden.
Vuolankoinen's ghost hits you but does no damage.
You closely miss vuolankoinen's ghost.
Vuolankoinen's ghost is heavily damaged.
Vuolankoinen's ghost hits you!
You die...

#≈≈≈≈≈≈≈#
#≈≈≈≈≈≈≈#
###.≈≈≈≈≈≈≈
#.≈≈≈≈≈≈≈≈≈
##.≈≈≈≈≈≈≈#
#.≈≈≈≈≈≈≈≈#
##≈≈≈≈≈≈≈≈≈#
##≈≈≈≈≈≈≈≈≈≈#
#@≈≈≈≈≈≈≈≈≈≈#
#W≈≈≈≈≈≈≈≈≈≈≈
#≈≈≈≈≈≈≈≈≈≈≈
#.≈≈≈≈≈≈≈≈#≈#
.≈≈≈≈≈≈≈≈≈##
≈≈≈≈≈≈≈≈≈≈≈≈#
≈≈≈≈≈≈≈≈≈≈≈≈≈##
≈≈≈≈≈≈≈≈≈≈≈###
≈≈≈≈≈≈≈≈≈≈##


You could see vuolankoinen's ghost.

Vanquished Creatures
  The ghost of manon the Conjurer, a novice GrFE of Vehumet (D:6)
  A hippogriff (D:6)
  2 sky beasts (D:6)
  A phantom (D:4)
  An ogre (D:5)
  A scorpion (D:4)
  A water moccasin skeleton (D:5)
  A crimson imp (D:3)
  2 orc priests
  A hound (D:4)
  A jelly (D:6)
  2 bullfrog skeletons
  Crazy Yiuf (D:4)
  3 worker ants
  4 orc wizards
  A worker ant zombie (D:5)
  Robin (D:2)
  9 adders
  A shadow imp (D:5)
  An ooze (D:3)
  5 worms
  2 dart slugs
  A leopard gecko (D:1)
  14 orcs
  4 ball pythons
  3 giant cockroaches
  13 goblins
  9 hobgoblins
  8 jackals (D:3)
  A quokka (D:4)
  6 bats
  8 frilled lizards
  A jackal zombie (D:5)
  5 kobolds
  A quokka skeleton (D:4)
  6 rats
  A fungus (D:1)
124 creatures vanquished.

Notes
Turn   | Place    | Note
-------+----------+-------------------------------------------
     0 | D:1      | mrlamo the Halfling Fighter began the quest for the Orb.
     0 | D:1      | Reached XP level 1. HP: 15/15 MP: 1/1
   203 | D:1      | Reached XP level 2. HP: 15/20 MP: 2/2
   341 | D:1      | Reached skill level 1 in Short Blades
   532 | D:2      | Reached XP level 3. HP: 23/25 MP: 3/3
   643 | D:2      | Reached skill level 3 in Fighting
   891 | D:2      | Noticed Robin
   913 | D:2      | Killed Robin
   913 | D:2      | Reached skill level 1 in Dodging
   913 | D:2      | Reached XP level 4. HP: 22/31 MP: 4/4
  1019 | D:2      | Found a hide-covered altar of Uskayaw.
  1344 | D:3      | Reached XP level 5. HP: 17/36 MP: 5/5
  1899 | D:3      | Reached XP level 6. HP: 43/43 MP: 6/6
  2049 | D:3      | Found a sparkling altar of Nemelex Xobeh.
  2064 | D:3      | Reached skill level 4 in Fighting
  2311 | D:3      | Found a shattered altar of Ashenzari.
  2504 | D:4      | Reached XP level 7. HP: 42/49 MP: 7/7
  2546 | D:4      | Found a runed door.
  2550 | D:4      | Noticed Crazy Yiuf
  2557 | D:4      | Killed Crazy Yiuf
  2633 | D:4      | Found a sacrificial altar of Ru.
  2766 | D:4      | Found a staircase to the Ecumenical Temple.
  2772 | Temple   | Entered the Ecumenical Temple
  2812 | Temple   | Became a worshipper of Warmaster Okawaru
  2864 | D:4      | Found Ranotodd's Food Shop.
  2870 | D:4      | Reached skill level 5 in Fighting
  3008 | D:5      | Entered Level 5 of the Dungeon
  3055 | D:5      | Found a sparkling altar of Nemelex Xobeh.
  3326 | D:5      | Reached XP level 8. HP: 48/55 MP: 8/8
  3460 | D:5      | Reached skill level 1 in Invocations
  3514 | D:5      | Reached skill level 5 in Armour
  3514 | D:5      | Reached skill level 5 in Shields
  3578 | D:5      | Got a steaming falchion
  3579 | D:5      | Identified the +1 falchion of Objectivity {slice, rElec Str+4 Dex-3} (You found it on level 5 of the Dungeon)
  3648 | D:6      | Noticed manon's ghost (novice GrFE)
  3664 | D:6      | Killed manon's ghost
  3728 | D:6      | Reached * piety under Okawaru
  3825 | D:6      | Noticed a hippogriff
  3834 | D:6      | Killed a hippogriff
  3834 | D:6      | Reached skill level 6 in Fighting
  3834 | D:6      | Reached XP level 9. HP: 50/62 MP: 10/10
  4008 | D:6      | Found a glowing drain.
  4030 | Sewer    | Entered a sewer
  4064 | Sewer    | Noticed vuolankoinen's ghost (amateur FeTm)
  4096 | Sewer    | Slain by vuolankoinen's ghost

Skill      XL: |  1  2  3  4  5  6  7  8 |
---------------+-------------------------+-----
Short Blades   | 1 2 3 |  3.6
Fighting       | 3 4 5 6 |  6.0
Dodging        | 1 2 3 4 |  4.0
Armour         | 4 5 |  5.5
Shields        | 4 5 |  5.5
Invocations    | 2 |  2.9
Long Blades    | 3 |  3.5

Action                   |  1- 3 |  4- 6 |  7- 9 || total
-------------------------+-------+-------+-------++-------
Melee: Long sword        |    24 |       |       ||    24
       Dagger            |   132 |   187 |   144 ||   463
       Falchion          |       |       |   103 ||   103
Invok: Heroism           |       |       |     1 ||     1
  Use: Potion            |       |       |     1 ||     1
 Stab: Distracted        |       |     1 |       ||     1
  Eat: Chunk             |       |     4 |     1 ||     5
       Bread ration      |       |     1 |     1 ||     2
Armor: Scale mail        |    41 |    42 |    53 ||   136
Dodge: Dodged            |    41 |    76 |   109 ||   226
Block: Shield            |    59 |       |       ||    59
       Buckler           |     8 |    60 |    81 ||   149
       Rpst.: Long sword |     4 |       |       ||     4
       Falchion          |       |       |    18 ||    18
